AoeStats
← A Delicious Pot Roast

Black Forest

513490739Analyzed
3v3 RM · 4d ago on Oct 13, 2026· 78m 57s· 6 players
Game mode
Random Map
Map size
Normal (6 player)
Population
200
Speed
Normal
Resources
Standard
Victory
Conquest
Starting age
Dark Age
Ending age
Imperial Age
RankedLock teamsTeams togetherTeam positionsShared explorationLock speedFull tech treeHidden civsTurbo modeCheats
Victory
Defeat
🇧🇷 Wei · Brazil
629
+17
🇺🇸 Armenians · United States
585
+19
🇮🇪 Hindustanis · Ireland
539
+21
vs
🇦🇷 Persians · Argentina
682
-20
🇩🇪 Vietnamese · Germany
659
-19
🇦🇷 Byzantines · Argentina
615
-18
Pepin_Pistolin
5:27 Loom
11:54 Feudal Age
13:36 Double-Bit Axe
13:35 Horse Collar
19:33 Castle Age
18:29 Stone Mining
19:01 Fletching
20:38 Wheelbarrow
25:56 Bodkin Arrow
32:57 Padded Archer Armor
33:20 Ballistics
37:27 Imperial Age
39:24 Chemistry
38:20 Murder Holes
39:03 Caravan
39:34 Coinage
39:23 Hand Cart
39:21 Forging
38:47 Pikeman
42:07 Halberdier
42:37 Arson
45:35 Bombard Tower
45:30 Bracer
53:09 Heavy Cavalry Archer
53:57 Thumb Ring
62:49 Fortified Wall
MAS29
0:30 Loom
13:19 Feudal Age
16:59 Double-Bit Axe
17:21 Man-at-Arms
24:39 Scale Mail Armor
28:35 Castle Age
28:42 Wheelbarrow
28:14 Arson
29:03 Long Swordsman
29:29 Gambesons
31:07 Chain Mail Armor
39:55 Pikeman
40:36 Squires
42:47 Murder Holes
43:05 Fortified Wall
42:37 Treadmill Crane
46:02 Fletching
50:08 Forging
50:06 Scale Barding Armor
53:14 Imperial Age
52:32 Ballistics
54:58 Halberdier
69:24 Plate Mail Armor
69:02 Elite Skirmisher
72:08 Imperial Skirmisher
77:52 Greek Fire
munileven
1:46 Loom
11:44 Feudal Age
16:15 Castle Age
15:04 Double-Bit Axe
15:21 Horse Collar
30:13 Heavy Plow
30:24 Bow Saw
32:26 Scale Barding Armor
32:33 Forging
34:07 Gold Mining
34:07 Stone Mining
37:06 Imperial Age
36:28 Murder Holes
37:50 Conscription
38:12 Crop Rotation
38:46 Two-Man Saw
38:51 Chemistry
38:31 Wheelbarrow
37:41 Town Watch
39:14 Gold Shaft Mining
39:14 Stone Shaft Mining
39:35 Bloodlines
39:26 Husbandry
38:47 Cavalier
39:25 Heavy Scorpion
43:09 Onager
46:27 Savar
48:01 Chain Barding Armor
48:16 Iron Casting
49:42 Plate Barding Armor
52:10 Caravan
57:25 Blast Furnace
A Delicious Pot Roast
0:34 Loom
12:40 Feudal Age
18:40 Castle Age
24:33 Double-Bit Axe
28:32 Gold Mining
30:38 Wheelbarrow
32:05 Hand Cart
35:38 Imperial Age
34:58 Gold Shaft Mining
34:17 Stone Mining
35:43 Ballistics
35:19 Fletching
36:56 Bodkin Arrow
38:09 Chemistry
36:52 Onager
37:57 Bow Saw
39:15 Conscription
38:18 Elite Composite Bowman
39:51 Bracer
49:04 Fortified Wall
60:13 Padded Archer Armor
60:48 Scale Mail Armor
62:06 Chain Mail Armor
61:19 Man-at-Arms
61:57 Long Swordsman
62:56 Two-Handed Swordsman
64:13 Plate Mail Armor
63:55 Forging
63:55 Gambesons
63:37 Champion
66:27 Iron Casting
69:14 Blast Furnace
Rwibby
6:18 Loom
12:33 Feudal Age
13:10 Double-Bit Axe
21:07 Castle Age
19:07 Gold Mining
19:01 Horse Collar
19:45 Stone Mining
23:15 Heavy Plow
23:53 Stone Shaft Mining
23:55 Gold Shaft Mining
24:02 Gold Shaft Mining
25:29 Bow Saw
26:27 Fletching
27:38 Bloodlines
29:02 Murder Holes
30:29 Wheelbarrow
30:45 Bodkin Arrow
30:58 Scale Barding Armor
34:51 Hand Cart
34:59 Grand Trunk Road
36:48 Husbandry
37:57 Fortified Wall
38:11 Ballistics
38:04 Masonry
38:08 Forging
39:37 Coinage
39:07 Caravan
42:32 Imperial Age
41:12 Chain Barding Armor
41:28 Iron Casting
41:18 Ballistics
42:36 Heavy Camel Rider
43:49 Banking
44:26 Chemistry
44:13 Plate Barding Armor
44:39 Blast Furnace
44:15 Conscription
44:24 Bracer
46:02 Two-Man Saw
44:45 Imperial Camel Rider
55:14 Hoardings
58:45 Elite Ghulam
69:32 Scale Mail Armor
71:26 Chain Mail Armor
GleisOn!
14:19 Feudal Age
15:01 Double-Bit Axe
16:14 Horse Collar
18:32 Gold Mining
19:02 Stone Mining
23:04 Castle Age
28:42 Heavy Plow
28:54 Bow Saw
29:22 Gold Shaft Mining
29:27 Stone Shaft Mining
33:04 Imperial Age
47:55 Husbandry
48:05 Scale Barding Armor
48:11 Forging
49:04 Wheelbarrow
49:44 Bloodlines
51:32 Parthian Tactics
52:09 Tuntian
54:19 Iron Casting
54:05 Chain Barding Armor
55:18 Caravan
56:26 Elite Tiger Cavalry
59:35 Padded Archer Armor
61:09 Heavy Hei Guang Cavalry
62:12 Leather Archer Armor
62:08 Squires
69:59 Ming Guang Armor
69:57 Conscription
70:37 Thumb Ring
69:53 Crossbowman
70:53 Fletching
71:34 Ring Archer Armor
72:05 Blast Furnace
71:06 Scale Mail Armor
Connection lost

Rejoining the realm…

Still unreachable

The connection could not be restored.

Session expired

The server has moved on; the page needs a fresh start.